 Dungeon Crawl Stone Soup version 0.30-b1-2-g02819fbbbe (webtiles) character file.

Game seed: 12078252600911340713

1409 Discosetron the Skirmisher (level 8, -2/57 HPs)
             Began as a Barachi Hunter on Nov 1, 2023.
             Was an Initiate of Gozag.
             Slain by a +4 quarterstaff of speed (9 damage)
             ... created by the rancor of the Wu Jian Council
             ... on level 6 of the Dungeon.
             The game lasted 00:04:23 (4206 turns).

Discosetron the Skirmisher (Barachi Hunter)         Turns: 4206, Time: 00:04:23

Health: -2/57      AC:  5    Str: 14    XL:     8   Next: 70%
Magic:  0/8        EV: 12    Int:  9    God:    Gozag
Gold:   171        SH:  0    Dex: 23    Spells: 7/7 levels left

rFire   . . .        a - +3 shortbow
rCold   . . .        (shield currently unavailable)
rNeg    . . .        y - +2 leather armour {rPois}
rPois   +            (no helmet)
rElec   .            (no cloak)
rCorr   .            (no gloves)
SInv    .            (no boots)
Will    +....        m - amulet of guardian spirit
Stlth   ++           f - ring of willpower
HPRegen 0.29/turn    i - +6 ring of dexterity
MPRegen 0.11/turn

%: guardian spirit
@: spiked, slowed, very slow
A: amphibious, slowness 1, strong legs 1, +LOS
a: Hop, Renounce Religion, Potion Petition, Call Merchant, Bribe Branch


You were on level 6 of the Dungeon.
You worshipped Gozag.
Gozag was aware of your devotion.
You visited 2 branches of the dungeon, and saw 7 of its levels.

You collected 252 gold pieces.
You paid 81 gold pieces to Gozag.

Inventory:

Hand Weapons
 a - a +3 shortbow (weapon)
Armour
 y - a +2 leather armour of poison resistance (worn)
Jewellery
 f - a ring of willpower (left hand)
 i - a +6 ring of dexterity (right hand)
 m - an amulet of guardian spirit (around neck)
 q - a ring of fire
 x - a ring of wizardry
Scrolls
 b - 3 scrolls of immolation
 c - a scroll of magic mapping {unknown}
 d - 2 scrolls of poison {unknown}
 k - 2 scrolls of amnesia
 l - 2 scrolls of fear
 n - a scroll of enchant armour
 v - 2 scrolls of vulnerability {unknown}
 A - a scroll of acquirement {unknown}
 C - 3 scrolls of identify
 E - a scroll of silence {unknown}
 F - a scroll of fog {unknown}
Potions
 e - a potion of degeneration {unknown}
 g - a potion of resistance {unknown}
 h - 2 potions of might {unknown}
 o - a potion of ambrosia {unknown}
 p - 2 potions of mutation {unknown}
 r - a potion of invisibility {unknown}
 s - 2 potions of berserk rage {unknown}
 t - 2 potions of curing {unknown}
 u - 2 potions of brilliance {unknown}
 w - a potion of haste {unknown}
 z - a potion of attraction {unknown}
 B - a potion of heal wounds {unknown}
 D - 2 potions of magic {unknown}


   Skills:
 - Level 2.4 Fighting
 + Level 11.2 Ranged Weapons
 - Level 2.1 Dodging
 - Level 0.8 Stealth


You had 7 spell levels left.
You didn't know any spells.
Your spell library contained the following spells:

 Spells                   Type           Power      Damage    Failure   Level
 Ignite Poison            Fire/Tmut/Pois 0%         N/A       83%         3
 Sticky Flame             Conj/Fire      0%         2d3       99%         4
 Ignition                 Fire           0%         3d3       100%        8


Dungeon Overview and Level Annotations

Branches:
Dungeon (6/15)             Temple (1/1) D:6

Altars:
Ashenzari
Cheibriados
Dithmenos
Fedhas
Gozag
Hepliaklqana
Kikubaaqudgha
Makhleb
Nemelex Xobeh
Qazlal
Ru
Sif Muna
Trog
Uskayaw
Vehumet
Wu Jian
Yredelemnul
Zin
The Shining One

Annotations:
D:5 2 transporters, 1 runed translucent door, Crazy Yiuf; yasha's ghost, weakling FoFi


Innate Abilities, Weirdness & Mutations

You are amphibious.
You cover ground slowly.
You can hop short distances.
You have an extended range of vision and can be seen from far away.


Message History

A white imp comes into view.
A white imp is nearby!
You shoot an arrow. The arrow hits the white imp.
The white imp shouts!
The white imp is heavily wounded.
The white imp gestures at you. The puff of frost misses you.
You shoot an arrow.
The arrow hits the white imp but does no damage.
The white imp is heavily wounded.
The white imp gestures at you. The puff of frost hits you!
You shoot an arrow. The arrow hits the white imp!
You kill the white imp!
No target in view!
No target in view!
Sifu Cai Fang says: Die by a thousand cuts!
The divine experience drains your vigour!
You feel yourself slow down.
A +2 broad axe of speed, a +0 glaive of electrocution and a +4 quarterstaff of speed come into view.
Unknown command.
You shoot an arrow.
The arrow barely misses the +0 glaive of electrocution.
You shoot an arrow.
The arrow hits the +0 glaive of electrocution but does no damage.
The +2 broad axe of speed hits you!
The +0 glaive of electrocution hits you!
You are electrocuted!
You shoot an arrow.
The arrow hits the +0 glaive of electrocution but does no damage.
The +4 quarterstaff of speed hits you!
* * * LOW HITPOINT WARNING * * *
The +2 broad axe of speed hits you.
* * * LOW HITPOINT WARNING * * *
You shoot an arrow.
The arrow hits the +0 glaive of electrocution.
The +0 glaive of electrocution is lightly damaged.
The +4 quarterstaff of speed hits you!
You die...
Your body crumbles into a pile of gold.

####### .......
### .....#.# #.###
...#.#..###...####
#.#..##.#...#..(.#
.>...##...######@#
#.#..###.##
#((...# ...#.# #.#
#....$.$# .....#
..# #.####...#
....##.### ..# ..#
<...##.# .## #
....##.# .
....#..# ##
......#


You could see 3 dancing weapons.

Vanquished Creatures
  Menkaure (D:5)
  3 ogres
  2 black bears (D:5)
  A bullfrog (D:6)
  5 scorpions
  An orc priest (D:4)
  2 hounds
  4 iguanas (D:5)
  3 orc wizards (D:4)
  A gnoll (D:6)
  8 adders
  A white imp (D:6)
  4 worms
  3 dart slugs
  14 orcs (D:4)
  8 endoplasms
  6 giant cockroaches
  8 goblins
  7 hobgoblins
  4 jackals
  5 kobolds
  5 quokkas
  4 ball pythons
  7 bats
  2 frilled lizards
  6 rats
115 creatures vanquished.

Vanquished Creatures (others)
  A fungus (D:5)
1 creature vanquished.

Grand Total: 116 creatures vanquished

Notes
Turn   | Place    | Note
-------+----------+-------------------------------------------
     0 | D:1      | Discosetron the Barachi Hunter began the quest for the Orb.
     0 | D:1      | Reached XP level 1. HP: 17/17 MP: 1/1
    39 | D:1      | Reached XP level 2. HP: 23/23 MP: 2/2
   347 | D:1      | Reached XP level 3. HP: 28/28 MP: 3/3
   364 | D:1      | Reached skill level 5 in Ranged Weapons
   631 | D:2      | Found a faded altar of an unknown god.
   821 | D:2      | Prayed at the altar of an unknown god.
   821 | D:2      | Became a worshipper of the Wu Jian Council
   821 | D:2      | Reached * piety under Wu Jian
  1303 | D:3      | Found a basalt altar of Yredelemnul.
  1309 | D:3      | Reached XP level 4. HP: 29/34 MP: 2/4
  1472 | D:3      | Found a snail-covered altar of Cheibriados.
  1714 | D:3      | Reached ** piety under Wu Jian
  1731 | D:3      | Reached skill level 6 in Ranged Weapons
  1752 | D:3      | Found an ornate altar of the Wu Jian Council.
  1753 | D:3      | Found a shadowy altar of Dithmenos.
  1888 | D:4      | Noticed an ogre
  1893 | D:4      | Killed an ogre
  1894 | D:4      | Reached XP level 5. HP: 39/39 MP: 5/5
  1980 | D:4      | Reached skill level 7 in Ranged Weapons
  1980 | D:4      | Reached XP level 6. HP: 26/46 MP: 1/6
  2122 | D:4      | HP: 2/46 [poisoned by a scorpion]
  2371 | D:4      | Reached skill level 8 in Ranged Weapons
  2518 | D:4      | Identified the +1 robe "Teofroph" {+Blink rElec rCorr}
  2884 | D:5      | Entered Level 5 of the Dungeon
  3025 | D:5      | Reached XP level 7. HP: 51/51 MP: 7/7
  3025 | D:5      | Found a transporter.
  3026 | D:5      | Noticed yasha's ghost (weakling FoFi)
  3029 | D:5      | Found a transporter.
  3090 | D:5      | Reached skill level 9 in Ranged Weapons
  3117 | D:5      | Reached XP level 8. HP: 57/57 MP: 8/8
  3153 | D:5      | Reached skill level 10 in Ranged Weapons
  3153 | D:5      | Noticed Menkaure
  3159 | D:5      | Killed Menkaure
  3206 | D:5      | Found a sparkling altar of Nemelex Xobeh.
  3326 | D:5      | Found a sacrificial altar of Ru.
  3574 | D:5      | Found a runed translucent door.
  3575 | D:5      | Noticed Crazy Yiuf
  3601 | D:6      | Found a staircase to the Ecumenical Temple.
  3607 | Temple   | Entered the Ecumenical Temple
  3838 | Temple   | Fell from the grace of Wu Jian
  3838 | Temple   | Became a worshipper of Gozag Ym Sagoz the Greedy
  3879 | D:6      | Reached skill level 11 in Ranged Weapons
  3921 | D:6      | Noticed a +0 dire flail of freezing
  3921 | D:6      | Noticed a +1 dire flail of flaming
  3921 | D:6      | Noticed a +2 quarterstaff of freezing
  4150 | D:6      | Noticed a +1 rapier of flaming
  4150 | D:6      | Noticed a +1 quarterstaff of speed
  4150 | D:6      | Noticed a +1 quarterstaff of electrocution
  4203 | D:6      | Noticed a +4 quarterstaff of speed
  4206 | D:6      | Slain by a +4 quarterstaff of speed

Illustrated notes

Levels and vault maps discovered:
D:1:      ncdulo_watergridlock, layout_basic
D:2:      layout_basic, hellmonk_ecumenical_altar_pennies_from_heaven
D:3:      layout_basic, chei_slow_surprise, mainiacjoe_overflow_24_doors,
          gammafunk_temple_overflow_statue, kennysheep_generic_room_10
D:4:      layout_basic, serial_glass, glass_columns_a, glass_columns_b
D:5:      layout_loops_ring, kennysheep_little_box, kennysheep_mini_moat,
          gammafunk_ghost_mausoleum, uniq_crazy_yiuf_cottage, uniq_menkaure
D:6:      layout_rooms, xom_butterflies, minmay_temple_entry_crystal_x,
          uniq_pikel
Temple:   oiseaux_autumnal_temple

Skill      XL: |  1  2  3  4  5  6  7  8 |
---------------+-------------------------+-----
Ranged Weapons | 5 6 7 8 9 11 | 11.2
Fighting       | |  2.4
Dodging        | |  2.1
Stealth        | |  0.8

Action                     |  1- 3 |  4- 6 |  7- 9 || total
---------------------------+-------+-------+-------++-------
   Fire: Shortbow          |   109 |   128 |   118 ||   355
Ability: Hop               |       |     1 |     3 ||     4
    Use: Scroll            |     8 |       |     4 ||    12
 Armour: Leather armour    |     9 |     8 |     6 ||    23
  Dodge: Dodged            |    24 |    29 |    19 ||    72
